 Dungeon Crawl Stone Soup version 0.19.0-19-g8c6edcc (webtiles) character file.

32466 Rrauwl the Protected (level 13, -3/123 HPs)
             Began as a Deep Dwarf Berserker on Nov 14, 2016.
             Was a Priest of Trog.
             Slain by a sun demon (7 damage)
             ... summoned by an orc high priest
             ... while paralysed by an orc sorcerer
             ... on level 2 of the Orcish Mines on Nov 15, 2016.
             The game lasted 02:54:40 (11896 turns).

Rrauwl the Protected (Deep Dwarf Berserker)        Turns: 11896, Time: 02:54:41

Health: -3/123     AC: 20    Str: 26    XL:     13   Next: 31%
Magic:  20/20      EV:  2    Int: 11    God:    Trog [***...]
Gold:   1186       SH:  0    Dex:  8    Spells: 0 memorised, 12 levels left

rFire  x . .     SeeInvis +     I - +2 flail (drain)
rCold  + . .     Gourm    .     K - +3 plate armour {rPois}
rNeg   . . .     Faith    .     D - +0 buckler
rPois  +         Spirit   .     b - +0 hat {Int+3}
rElec  .         Reflect  .     (no cloak)
rCorr  .         Harm     .     P - +0 pair of gloves
MR     +....                    (no boots)
Stlth  ..........               (no amulet)
                                o - +2 ring of protection
                                y - ring of the Crushed Planets {Ice Dex-4 Slay+5 SInv Stlth+}

@: paralysed, non-regenerating, heavily drained
A: damage resistance, recharge devices, hooves 1, mutation resistance 1, sense
surroundings 2, slow regeneration 3, wild magic 1
a: Device Recharging, Berserk, Trog's Hand, Burn Spellbooks, Renounce Religion


You were on level 2 of the Orcish Mines.
You worshipped Trog.
Trog was most pleased with you.
You were hungry.

You visited 3 branches of the dungeon, and saw 17 of its levels.
You also visited: Volcano.

You collected 1311 gold pieces.
You spent 125 gold pieces at shops.

Inventory:

Hand Weapons
 k - a +0 flail of holy wrath
 A - a +2 flail of holy wrath
 F - a +4 mace of venom
 I - a +2 flail of draining (weapon)
 Q - a +1 flail of draining
Missiles
 v - 8 tomahawks of returning (quivered)
Armour
 b - a +0 hat of intelligence (worn)
 D - a +0 buckler (worn)
 K - a +3 plate armour of poison resistance (worn)
 L - a +3 plate armour
 P - a +0 pair of gloves (worn)
Magical Staves
 r - an uncursed staff of conjuration
Jewellery
 f - an uncursed ring of flight
 o - a +2 ring of protection (right hand)
 y - the ring of the Crushed Planets (left hand) {Ice Dex-4 Slay+5 SInv Stlth+}
   (You found it on level 5 of the Dungeon)

   [ring of ice]

   It enhances your ice magic.
   It affects your dexterity (-4).
   It affects your accuracy and damage with ranged weapons and melee attacks
   (+5).
   It makes you vulnerable to fire.
   It protects you from cold.
   It lets you see invisible.
   It makes you more stealthy.
 C - an uncursed ring of poison resistance
 O - an uncursed ring of ice
Wands
 l - a wand of heal wounds (2/9)
 p - a wand of flame (15/48)
 q - a wand of teleportation (5/9)
 w - a wand of teleportation (2/9)
 x - a wand of lightning (6/15)
 G - a wand of paralysis (3/24)
 M - a wand of iceblast (7/15)
 N - a wand of flame (21/48)
 S - a wand of confusion (22/48)
Scrolls
 c - a scroll of amnesia
 i - 3 scrolls of fear
 j - 4 scrolls of remove curse
 n - a scroll of enchant armour
 s - 2 scrolls of blinking
 t - a scroll of recharging
 B - 2 scrolls of immolation
 E - 2 scrolls of magic mapping
 H - a scroll of enchant weapon
Potions
 a - a potion of flight
 e - 2 potions of heal wounds
 u - 6 potions of curing
 J - 2 potions of invisibility
Comestibles
 d - 6 bread rations
 g - 19 chunks of flesh
 m - a royal jelly
 z - 5 meat rations


   Skills:
 + Level 9.9(8.4) Fighting
 + Level 10.9(9.3) Maces & Flails
 + Level 11.5(9.9) Armour
 + Level 11.4(9.8) Dodging
 + Level 7.4(6.0) Shields
 - Level 10.0(8.5) Evocations


You had 12 spell levels left.
You didn't know any spells.

Dungeon Overview and Level Annotations

Branches:
Dungeon (12/15)            Temple (0/1) D:5            Lair (3/6) D:8
 Spider (0/4) Lair:2          Orc (2/2) D:12            Elf (0/3) Orc:2
  Swamp: Lair:2-4    Shoals: Lair:2-4

Altars:
Fedhas
Gozag
Kikubaaqudgha
Ru
Uskayaw
Xom
Beogh

Shops:
D:4 *:*}   D:7 %   D:9 [

Annotations:
Orc:2 1 runed door


Innate Abilities, Weirdness & Mutations

You are resistant to damage.
You can recharge devices by infusing magical energy.
You passively map the area around you.
You do not regenerate.
You have large cloven feet.
You are somewhat resistant to further mutation.
Your spells are a little harder to cast, but a little more powerful.


Message History

The orc sorcerer casts a spell at you.
You suddenly lose the ability to move!
The orc hits you but does no damage.
The orc sorcerer casts a spell.
The orc hits you but does no damage. The sun demon hits you.
You are engulfed in flames!!
The fire burns you terribly!
The orc sorcerer mumbles some strange words.
The orc sorcerer hits you with a dagger.
The sun demon hits you.
You are engulfed in flames!
The fire burns you terribly!
The orc sorcerer casts a spell.
The sun demon barely misses you. The orc sorcerer casts a spell at you.
The bolt of negative energy hits you!
You feel drained.
* * * LOW HITPOINT WARNING * * *
The orc hits you but does no damage.
The orc warrior hits you but does no damage.
The red devil hits you but does no damage.
The sun demon hits you!
You die...

* * * , , , ,,
###############
###..)...4).....# * ,
,##8..8.o83o8.)..8# ,
, #.....oooo.3..o.8#,
,
,+....o3o4oo......'._*
, #....@ooo.4.....8#..
,, ,,
##8..8o484.8....8# . ,
###....(o.......# ,
################### ,
, , ##.... #.#.# ,, ,
#.....###... , , , ,
.#......##.. * , , ,
,, ..........)) , , ,
,, ......)o)..#


You could see a soul eater, 2 orc high priests, a sun demon, a hellwing, an ice
devil, a rust devil, a neqoxec, a chaos spawn, 3 orc sorcerers, a red devil, 3
orc warriors and 7 orcs.

Vanquished Creatures
  2 orc warlords (Orc:2)
  Fannar (Lair:2)
  2 hydras (Lair:2)
  A centaur warrior (D:11)
  2 orc high priests (Orc:2)
  2 unseen horrors
  2 hill giants
  2 orc sorcerers (Orc:2)
  3 orc knights (Orc:2)
  3 elephants
  2 manticores (D:11)
  3 ugly things
  A salamander (Volcano)
  2 black mambas
  Maurice (D:11)
  A gargoyle (D:12)
  4 spiny frogs
  A rime drake (Lair:1)
  A komodo dragon (Lair:1)
  A polar bear (Lair:1)
  5 trolls
  A hornet (D:12)
  A two-headed ogre (Orc:2)
  4 hippogriffs
  13 yaks
  A wyvern (D:8)
  A basilisk (D:12)
  Eustachio (D:5)
  A warg (Orc:2)
  Edmund (D:5)
  3 porcupines
  2 soldier ants
  5 water moccasins
  2 black bears (D:9)
  20 orc warriors
  2 ice beasts
  3 phantoms
  4 centaurs
  5 ogres
  4 sky beasts
  5 wolves (Lair:1)
  8 crocodiles
  A big kobold (D:11)
  Blork the orc (D:5)
  7 bullfrogs
  4 scorpions
  16 killer bees
  5 wights (D:9)
  A vampire bat (D:2)
  A howler monkey (D:6)
  2 crimson imps
  A bullfrog zombie (D:8)
  2 centaur zombies
  22 orc wizards
  2 jellies
  15 orc priests
  A centaur skeleton (D:12)
  6 hounds
  3 bullfrog skeletons
  Jessica (D:2)
  2 iguanas
  15 worker ants
  A killer bee zombie (D:7)
  2 hound zombies
  A howler monkey zombie (D:7)
  A worker ant zombie (D:5)
  3 gnolls (D:6)
  A howler monkey skeleton (D:3)
  7 adders
  2 shadow imps
  2 oozes
  2 worms (Lair:2)
  3 dart slugs
  6 leopard geckos
  65 orcs
  5 bats
  2 bat skeletons (D:2)
  3 bat zombies (D:2)
  6 giant cockroaches
  5 goblins
  8 hobgoblins
  8 jackals
  3 quokkas
  A ball python (D:2)
  2 frilled lizards (D:1)
  7 kobolds
  A leopard gecko skeleton (D:3)
  A quokka skeleton (D:8)
  A quokka zombie (D:5)
  4 rats
  A butterfly (D:3)
  4 fungi (D:10)
395 creatures vanquished.

Vanquished Creatures (collateral kills)
  Gastronok (Lair:2)
1 creature vanquished.

Vanquished Creatures (others)
  A crimson imp (D:5)
  An orc (Orc:2)
  3 fungi (Lair:2)
5 creatures vanquished.

Grand Total: 401 creatures vanquished

Notes
Turn   | Place    | Note
-------+----------+-------------------------------------------
     0 | D:1      | Rrauwl the Deep Dwarf Berserker began the quest for the Orb.
     0 | D:1      | Reached XP level 1. HP: 20/20 MP: 1/1
   221 | D:1      | Reached XP level 2. HP: 17/27 MP: 2/2
   224 | D:1      | Reached skill level 1 in Evocations
   783 | D:2      | Reached XP level 3. HP: 27/33 MP: 4/4
   790 | D:2      | Found a sacrificial altar of Ru.
   805 | D:2      | Reached ** piety under Trog
  1003 | D:2      | Reached XP level 4. HP: 28/42 MP: 5/5
  1128 | D:2      | Noticed Jessica
  1145 | D:2      | Killed Jessica
  1145 | D:2      | Reached XP level 5. HP: 27/49 MP: 5/7
  1151 | D:2      | Found an ancient bone altar of Kikubaaqudgha.
  1275 | D:2      | Found a blossoming altar of Fedhas.
  1740 | D:3      | Found a shimmering altar of Xom.
  2043 | D:4      | Found Dahovv Ovom's Gadget Emporium.
  2125 | D:4      | Found Neliott's Book Shop.
  2155 | D:4      | Reached XP level 6. HP: 52/56 MP: 8/8
  2192 | D:4      | Found Boxumom's General Store.
  2198 | D:4      | Bought a scroll of recharging for 95 gold pieces
  2198 | D:4      | Bought a potion of curing for 30 gold pieces
  2240 | D:4      | Found Giylouqa's Assorted Antiques.
  2473 | D:5      | Entered Level 5 of the Dungeon
  2611 | D:5      | Found a staircase to the Ecumenical Temple.
  2647 | D:5      | Got a translucent lapis lazuli ring
  2652 | D:5      | Identified the ring of the Crushed Planets {Ice Dex-4 Slay+5 SInv Stlth+} (You found it on level 5 of the Dungeon)
  2701 | D:5      | Noticed Edmund
  2711 | D:5      | Killed Edmund
  2711 | D:5      | Reached *** piety under Trog
  2821 | D:5      | Reached XP level 7. HP: 46/64 MP: 10/10
  2870 | D:5      | Noticed Eustachio
  2881 | D:5      | Killed Eustachio
  2899 | D:5      | Reached skill level 5 in Evocations
  2904 | D:5      | Noticed Blork the orc
  2931 | D:5      | Killed Blork the orc
  3057 | D:5      | Found an opulent altar of Gozag.
  3161 | D:5      | Reached skill level 5 in Maces & Flails
  3301 | D:6      | Noticed a troll
  3313 | D:6      | Killed a troll
  3313 | D:6      | Reached skill level 5 in Armour
  3313 | D:6      | Reached skill level 5 in Dodging
  3313 | D:6      | Reached XP level 8. HP: 73/73 MP: 12/12
  3867 | D:6      | Reached skill level 5 in Fighting
  4100 | D:7      | Found Ateluts's Food Boutique.
  4299 | D:7      | Gained mutation: You passively map the area around you. [Deep Dwarf growth]
  4299 | D:7      | Reached XP level 9. HP: 58/81 MP: 14/14
  4331 | D:7      | Found a sacrificial altar of Ru.
  4417 | D:7      | Gained mutation: You have large cloven feet. [potion of mutation]
  4417 | D:7      | Gained mutation: Your spells are a little harder to cast, but a little more powerful. [potion of mutation]
  4417 | D:7      | Gained mutation: You are somewhat resistant to further mutation. [potion of mutation]
  5190 | D:8      | Reached **** piety under Trog
  5564 | D:8      | Noticed an elephant
  5564 | D:8      | Found a staircase to the Lair.
  5592 | D:8      | Killed an elephant
  5766 | Lair:1   | Entered Level 1 of the Lair of Beasts
  5771 | Lair:1   | Noticed a rime drake
  5774 | Lair:1   | Noticed a spiny frog
  5793 | Lair:1   | Killed a spiny frog
  5793 | Lair:1   | Reached XP level 10. HP: 46/92 MP: 16/16
  5950 | Lair:1   | Found a dark tunnel.
  5960 | Volcano  | Entered a volcano
  5976 | Volcano  | Noticed a salamander
  6010 | Volcano  | Killed a salamander
  6075 | Volcano  | Noticed a red draconian
  6103 | Volcano  | Noticed a salamander
  6364 | Lair:1   | Noticed a black mamba
  6379 | Lair:1   | Killed a black mamba
  6650 | Lair:2   | Found a hole to the Spider Nest.
  6654 | Lair:2   | Noticed a four-headed hydra
  6668 | Lair:1   | Noticed a spiny frog
  6688 | Lair:1   | Killed a spiny frog
  6764 | D:9      | Found Maxtap's Antique Armour Emporium.
  7103 | D:9      | Reached XP level 11. HP: 100/100 MP: 18/18
  7111 | D:9      | Reached skill level 10 in Evocations
  7278 | D:9      | Noticed a purple ugly thing
  7289 | D:9      | Killed a purple ugly thing
  7316 | D:9      | Found a hide-covered altar of Uskayaw.
  7384 | D:9      | Reached skill level 1 in Shields
  7718 | D:10     | Entered Level 10 of the Dungeon
  8070 | D:10     | Noticed an unseen horror
  8087 | D:10     | Killed an unseen horror
  8216 | D:10     | Noticed a hill giant
  8231 | D:10     | Killed a hill giant
  8427 | D:11     | Noticed a hill giant
  8617 | Lair:2   | Noticed Fannar
  8642 | Lair:2   | Killed Fannar
  8777 | Lair:2   | Noticed a six-headed hydra
  8789 | Lair:2   | Killed a six-headed hydra
  8841 | Lair:2   | Identified Sif Muna's Early Guide to Spellcasting
  8854 | Lair:2   | Killed a four-headed hydra
  9119 | Lair:2   | Noticed Gastronok
  9129 | Lair:2   | Killed Gastronok
  9129 | Lair:2   | Reached skill level 10 in Armour
  9129 | Lair:2   | Reached skill level 10 in Dodging
  9129 | Lair:2   | Reached XP level 12. HP: 112/112 MP: 19/19
  9383 | Lair:2   | Reached skill level 5 in Shields
  9524 | Lair:3   | Noticed an eight-headed hydra
  9702 | D:11     | Noticed Maurice
  9713 | D:11     | Killed Maurice
  9790 | D:11     | Reached skill level 10 in Maces & Flails
 10065 | D:11     | Noticed a centaur warrior
 10072 | D:11     | Killed a centaur warrior
 10634 | D:12     | Found a staircase to the Orcish Mines.
 10758 | Orc:1    | Entered Level 1 of the Orcish Mines
 11073 | Orc:2    | Entered Level 2 of the Orcish Mines
 11191 | Orc:2    | Found a staircase to the Elven Halls.
 11332 | Orc:2    | Noticed an orc warlord
 11371 | Orc:2    | Killed an orc warlord
 11371 | Orc:2    | Reached XP level 13. HP: 122/122 MP: 20/20
 11571 | Orc:2    | Noticed an orc warlord
 11603 | Orc:2    | HP: 6/122 [orc warrior/halberd (21)]
 11606 | Orc:2    | Found a runed door.
 11639 | Orc:2    | Killed an orc warlord
 11642 | Orc:2    | Received a gift from Trog
 11881 | Orc:2    | Found a roughly hewn altar of Beogh.
 11890 | Orc:2    | Paralysed by an orc sorcerer for 7 turns
 11895 | Orc:2    | HP: 4/123 [orc sorcerer/bolt of negative energy (39)]
 11896 | Orc:2    | Slain by a sun demon

Skill      XL: |  1  2  3  4  5  6  7  8  9 10 11 12 13 |
---------------+----------------------------------------+-----
Evocations     | 1 2 3 4 6 7 8 9 10 | 10.0
Fighting       | 3 4 5 6 7 8 9 |  9.9
Dodging        | 3 4 5 7 8 10 11 | 11.4
Armour         | 3 4 5 7 8 10 11 | 11.5
Maces & Flails | 4 5 6 7 8 9 10 | 10.9
Shields        | 4 6 7 |  7.4

Action                   |  1- 3 |  4- 6 |  7- 9 | 10-12 | 13-15 || total
-------------------------+-------+-------+-------+-------+-------++-------
Melee: Mace              |   113 |    98 |       |       |       ||   211
       Flail             |       |    85 |   306 |   863 |   166 ||  1420
       Kick              |       |       |       |   222 |    54 ||   276
       Halberd           |       |       |       |     8 |       ||     8
Throw: Tomahawk          |       |       |       |     5 |       ||     5
Invok: Berserk           |     1 |     1 |     3 |    16 |     3 ||    24
       Trog's Hand       |       |     3 |     9 |    44 |     9 ||    65
       Burn Spellbooks   |       |       |     1 |       |     1 ||     2
 Abil: Evoke Flight      |       |       |       |     2 |       ||     2
       Stop Flying       |       |       |       |     1 |       ||     1
Evoke: Wand              |     1 |       |       |    21 |     9 ||    31
  Use: Potion            |     3 |     3 |     4 |     7 |     2 ||    19
       Scroll            |     5 |     9 |     3 |    15 |     4 ||    36
 Stab: Invisible         |       |       |     1 |       |       ||     1
       Paralysed         |       |       |       |     8 |       ||     8
  Eat: Chunk             |     1 |     8 |    12 |    30 |     9 ||    60
       Bread ration      |       |       |     1 |     1 |       ||     2
       Fruit             |       |       |       |     4 |       ||     4
       Beef jerky        |       |       |       |     2 |       ||     2
       Meat ration       |       |       |       |     2 |       ||     2
Armor: Animal skin       |    15 |       |       |       |       ||    15
       Ring mail         |    27 |       |       |       |       ||    27
       Plate armour      |     7 |   144 |   186 |   445 |    80 ||   862
       Skin              |       |       |       |    22 |       ||    22
Dodge: Dodged            |    85 |    83 |   106 |   391 |    92 ||   757
Block: Buckler           |       |       |    10 |   129 |    43 ||   182
